 Dungeon Crawl Stone Soup version 0.30-a0-939-gc8157cb160 (webtiles) character file.

Game seed: 15535473616911382472

12794 pokeman the Eclecticist (level 11, 0/55 (62) HPs)
             Began as a Deep Elf Hedge Wizard on Mar 25, 2023.
             Was an Elder of Vehumet.
             Killed from afar by Josephine (7 damage)
             ... with a ghostly fireball
             ... on level 11 of the Dungeon on Mar 26, 2023.
             The game lasted 00:35:56 (14513 turns).

pokeman the Eclecticist (Deep Elf Hedge Wizard)    Turns: 14513, Time: 00:35:56

HP:   0/55 (62)     AC: 14    Str:  7    XL:     11   Next: 67%
MP:   6/32          EV: 13    Int: 24    God:    Vehumet [****..]
Gold: 826           SH:  0    Dex: 14    Spells: 32/41 levels left

rFire   . . .      SeeInvis .    t - +3 whip "Ysoro" {speed, rPois rC+ rN+}
rCold   + . .      Faith    .    (no shield)
rNeg    + . .      Spirit   .    C - +1 steam dragon scales
rPois   +          Reflect  .    j - +0 helmet
rElec   .          Rampage  .    k - +0 cloak
rCorr   .                        M - +2 pair of gloves
Will    +....                    h - +0 pair of boots
Stlth   ++                       L - amulet of the acrobat
HPRegen 0.29/turn                (no ring)
MPRegen 0.23/turn                (no ring)

@: on blink cooldown, very slightly contaminated, slowed, heavily drained, very
slow
A: no striking features
a: Renounce Religion


You were on level 11 of the Dungeon.
You worshipped Vehumet.
Vehumet was greatly pleased with you.
You visited 2 branches of the dungeon, and saw 12 of its levels.

You collected 956 gold pieces.
You spent 130 gold pieces at shops.

Inventory:

Hand Weapons
 a - a +0 dagger of venom
 c - a +3 quarterstaff of chaos
 t - the +3 whip "Ysoro" (weapon) {speed, rPois rC+ rN+}
   (You found it on level 4 of the Dungeon)

   rC:        It protects you from cold.
   rPois:     It protects you from poison.
   rN:        It protects you from negative energy.
Armour
 h - a +0 pair of boots (worn)
 j - a +0 helmet (worn)
 k - a +0 cloak (worn)
 z - a +0 troll leather armour
 C - +1 steam dragon scales (worn)
 M - a +2 pair of gloves (worn)
Magical Staves
 y - a staff of fire
Jewellery
 L - an amulet of the acrobat (around neck)
Wands
 i - a wand of polymorph (19)
 n - a wand of flame (40)
 A - a wand of mindburst (30)
 G - a wand of iceblast (5)
Scrolls
 b - 4 scrolls of magic mapping
 e - 3 scrolls of enchant armour
 m - 7 scrolls of teleportation
 r - 2 scrolls of immolation
 s - a scroll of blinking
 v - a scroll of silence {unknown}
 w - 2 scrolls of amnesia {unknown}
 x - 2 scrolls of enchant weapon {unknown}
 B - a scroll of vulnerability {unknown}
 E - 2 scrolls of fear {unknown}
 F - a scroll of butterflies {unknown}
Potions
 d - 4 potions of magic
 f - a potion of attraction
 g - 8 potions of curing
 l - 2 potions of mutation
 o - a potion of brilliance
 p - a potion of resistance
 q - 2 potions of lignification {unknown}
 u - a potion of might
 D - 2 potions of invisibility {unknown}
 H - a potion of degeneration {unknown}
 I - 3 potions of flight {unknown}
 J - 2 potions of heal wounds {unknown}
 K - a potion of haste {unknown}


   Skills:
 + Level 4.4 Fighting
 - Level 5.0 Armour
 - Level 3.0 Dodging
 - Level 3.0 Stealth
 * Level 15.8 Spellcasting
 + Level 9.4 Conjurations
 - Level 4.0 Summonings
 - Level 1.1 Translocations
 + Level 7.7 Fire Magic
 - Level 1.1 Air Magic
 - Level 1.2 Poison Magic
 - Level 1.0 Evocations


You had 32 spell levels left.
You knew the following spells:

 Your Spells              Type           Power      Damage    Failure   Level
a - Magic Dart            Conj           100%       1d8       1%          1
b - Mephitic Cloud        Conj/Pois/Air  37%        N/A       1%          3
c - Call Imp              Summ           38%        N/A       1%          2
d - Blink                 Tloc           48%        N/A       2%          2
e - Foxfire               Conj/Fire      100%       2x1d9     1%          1

Your spell library contained the following spells:

 Spells                   Type           Power      Damage    Failure   Level
 Slow                     Hex            76%        N/A       3%          1
 Cigotuvi's Dreadful Rot  Necr/Pois/Air  44%        N/A       3%          2
 Portal Projectile        Hex/Tloc       42%        N/A       7%          3
 Confusing Touch          Hex            19%        N/A       9%          3
 Ozocubu's Armour         Ice            19%        N/A       9%          3
 Tukima's Dance           Hex            19%        N/A       9%          3
 Vampiric Draining        Necr           19%        2d7       9%          3
 Summon Lightning Spire   Summ/Air       31%        N/A       10%         4
 Manifold Assault         Tloc           24%        N/A       19%         4
 Passage of Golubria      Tloc           24%        N/A       19%         4
 Yara's Violent Unravell  Hex/Tmut       9%         3d6       21%         5
 Blade Hands              Tmut           9%         N/A       63%         5
 Metabolic Englaciation   Hex/Ice        9%         N/A       63%         5
 Dispersal                Tloc           12%        N/A       96%         6
 Simulacrum               Ice/Necr       9%         N/A       99%         6
 Storm Form               Tmut/Air       10%        N/A       100%        7
 Disjunction              Tloc           12%        N/A       100%        8
 Maxwell's Capacitive Co  Air            12%        ∞         100%        8


Dungeon Overview and Level Annotations

Branches:
Dungeon (11/15)            Temple (1/1) D:4            Lair (0/5) D:9
    Orc (0/2) D:9

Altars:
Cheibriados
Dithmenos
Fedhas
Gozag
Hepliaklqana
Nemelex Xobeh
Trog
Vehumet
Xom

Shops:
D:3 [?[(   D:11 [

Portals:
Abyss: D:4

Annotations:
D:4 2 transporters, bigduke15's ghost, amateur DEEE
D:7 Djinni
D:10 Vampire, exclusion: orange crystal statue
D:11 Josephine


Message History

You conjure some foxfire!
The foxfire hits the wraith but does no damage.
The wraith is almost destroyed.
The foxfire hits Josephine!
Josephine is severely wounded.
Josephine draws life force from you.
Josephine is healed by the life force!
The wraith closely misses you.
Casting: Foxfire (safe; 1% risk of failure)
Confirm with . or Enter, or press ? or * to list all spells.
You conjure some foxfire!
The foxfire hits Josephine.
Josephine is severely wounded.
The foxfire hits Josephine!
Josephine is almost dead.
Josephine closely misses you. The wraith closely misses you.
The wraith hits you. The wraith drains your vigour!
You feel as though you will be slow longer.
Josephine hits you with a +2 dagger of draining.
* * * LOW HITPOINT WARNING * * *
You partially resist.
You feel drained.
Casting: Foxfire (safe; 1% risk of failure)
Confirm with . or Enter, or press ? or * to list all spells.
You miscast Blink.
You are very lightly contaminated with residual magic.
Nothing appears to happen.
The foxfire hits the wraith but does no damage.
The wraith is almost destroyed.
The foxfire hits the wraith.
The wraith is almost destroyed.
The wraith misses you.
Josephine hits you with a +2 dagger of draining!
* * * LOW HITPOINT WARNING * * *
You partially resist.
You feel drained.
Casting: Blink (safe; 2% risk of failure)
Confirm with . or Enter, or press ? or * to list all spells.
You blink.
Josephine laughs insanely.
Josephine casts a spell at you.
The ghostly flame explodes!
The ghostly fireball engulfs you! You partially resist.
You feel drained.
You die...

###############################
............#..........#.......
............#..........#.......
............#..........#.......
............#..........#.......
.../........#..........#.......
............#..........#.......
...........v#.@........#.......
.......#....##....#....#.......
...@...#..........#....#...###.
.......#......@...#....#...'∩#.
.......#......W§..#....#...###.
..W....#........§.#....#.......
.... #.....######....#.......
#########..........#....#.......
#.......#..........#....#.......


You could see Josephine (strong) and a wraith.

Vanquished Creatures
  2 two-headed ogres
  Pikel (D:4)
  An ugly thing (D:11)
  3 cyclopes (D:11)
  An unseen horror (D:7)
  Psyche (D:11)
  Maggie (D:7)
  4 trolls
  2 hornets
  10 yaks
  4 wraiths
  2 vampire mosquitoes (D:10)
  2 steam dragons
  Edmund (D:5)
  4 water moccasins (D:9)
  7 orc warriors
  An ice beast (D:6)
  5 black bears
  2 sky beasts (D:7)
  5 centaurs
  3 lemures (D:4)
  A phantom (D:4)
  3 kobold brigands
  5 bullfrogs
  2 scorpions
  4 wights (D:10)
  4 killer bees
  6 howler monkeys
  A gnoll bouda (D:7)
  5 hounds
  13 orc priests
  Crazy Yiuf (D:2)
  3 jellies
  2 sleepcaps
  3 iguanas
  Natasha (thrice) (D:4)
  13 orc wizards
  Ijyb (D:3)
  Robin (D:2)
  4 gnolls (D:4)
  7 adders
  A shadow imp (D:6)
  3 white imps
  A dart slug (D:5)
  51 orcs
  6 bats
  4 endoplasms
  4 giant cockroaches
  31 goblins
  6 hobgoblins
  13 jackals
  10 kobolds
  4 quokkas
  11 ball pythons
  2 frilled lizards
  6 rats
  3 foxfires (D:9)
300 creatures vanquished.

Vanquished Creatures (collateral kills)
  A gnoll (D:2)
  A jackal (D:1)
  16 foxfires (D:9)
18 creatures vanquished.

Vanquished Creatures (others)
  1306 foxfires
  38 fungi (D:9)
  42 plants
1386 creatures vanquished.

Grand Total: 1704 creatures vanquished

Notes
Turn   | Place    | Note
-------+----------+-------------------------------------------
     0 | D:1      | pokeman the Deep Elf Hedge Wizard began the quest for the
                  | Orb.
     0 | D:1      | Reached XP level 1. HP: 10/10 MP: 7/7
   198 | D:1      | Reached XP level 2. HP: 16/16 MP: 5/9
   552 | D:1      | Reached skill level 5 in Spellcasting
   746 | D:1      | Reached XP level 3. HP: 19/20 MP: 6/11
   754 | D:1      | Learned a level 3 spell: Mephitic Cloud
   757 | D:1      | Learned a level 2 spell: Call Imp
   760 | D:1      | Learned a level 2 spell: Blink
  1394 | D:2      | Reached skill level 1 in Armour
  1561 | D:2      | Reached skill level 1 in Fighting
  1689 | D:2      | Found a faded altar of an unknown god.
  1710 | D:2      | Reached XP level 4. HP: 25/25 MP: 6/13
  2154 | D:2      | Noticed Robin
  2166 | D:2      | Killed Robin
  2384 | D:2      | Found a runed translucent door.
  2385 | D:2      | Noticed Crazy Yiuf
  2401 | D:2      | Killed Crazy Yiuf
  2402 | D:2      | Reached skill level 6 in Spellcasting
  2402 | D:2      | Reached XP level 5. HP: 29/29 MP: 5/15
  2912 | D:3      | Found Fuonilul's Armour Shoppe.
  2929 | D:3      | Found Haku's Antique Weapon Emporium.
  2957 | D:3      | Found Dograoti's Magic Scroll Shop.
  3017 | D:3      | Bought a scroll of identify for 26 gold pieces
  3017 | D:3      | Bought a scroll of identify for 26 gold pieces
  3017 | D:3      | Bought a scroll of noise for 13 gold pieces
  3017 | D:3      | Bought a scroll of identify for 26 gold pieces
  3017 | D:3      | Bought a scroll of teleportation for 39 gold pieces
  3065 | D:3      | Found Gogrokomm's Armour Shop.
  3236 | D:3      | Noticed Ijyb
  3262 | D:3      | Killed Ijyb
  3440 | D:3      | Reached skill level 1 in Evocations
  3945 | D:4      | Noticed a lemure
  3945 | D:4      | Noticed a lemure
  3945 | D:4      | Noticed a lemure
  3947 | D:4      | Noticed Pikel
  3947 | D:4      | Noticed a lemure
  3957 | D:4      | Killed a lemure
  3960 | D:4      | Killed a lemure
  3964 | D:4      | Killed a lemure
  4064 | D:4      | Reached skill level 1 in Air Magic
  4064 | D:4      | Reached skill level 1 in Poison Magic
  4064 | D:4      | Reached XP level 6. HP: 29/34 MP: 13/17
  4083 | D:4      | Reached skill level 7 in Spellcasting
  4189 | D:4      | Found a staircase to the Ecumenical Temple.
  4198 | Temple   | Entered the Ecumenical Temple
  4323 | Temple   | Became a worshipper of Vehumet
  4502 | D:4      | Identified the +3 whip "Ysoro" {speed, rPois rC+ rN+}
  4522 | D:4      | Found a transporter.
  4571 | D:4      | Noticed a small abomination
  4573 | D:4      | Noticed bigduke15's ghost (amateur DEEE)
  4630 | D:4      | Noticed Natasha
  4648 | D:4      | Killed Natasha
  4649 | D:4      | Reached XP level 7. HP: 24/39 MP: 4/20
  4861 | D:4      | Found a transporter.
  4865 | D:4      | Noticed Natasha
  4872 | D:4      | Killed Natasha
  5007 | D:4      | Found a one-way gate to the infinite horrors of the Abyss.
  5025 | D:4      | Noticed Natasha
  5031 | D:4      | Killed Natasha
  5100 | D:4      | Killed Pikel
  5101 | D:4      | Reached skill level 8 in Spellcasting
  5101 | D:4      | Reached XP level 8. HP: 19/45 MP: 12/22
  5407 | D:5      | Entered Level 5 of the Dungeon
  5449 | D:5      | Reached skill level 9 in Spellcasting
  5486 | D:5      | Reached * piety under Vehumet
  5486 | D:5      | Offered knowledge of Foxfire by Vehumet.
  5496 | D:5      | Learned a level 1 spell: Foxfire
  5928 | D:5      | Noticed Edmund
  5955 | D:5      | Killed Edmund
  6280 | D:5      | Reached skill level 5 in Conjurations
  6899 | D:6      | Reached skill level 10 in Spellcasting
  6899 | D:6      | Reached skill level 1 in Fire Magic
  7396 | D:7      | Reached ** piety under Vehumet
  7430 | D:7      | Noticed Maggie
  7447 | D:7      | Offered knowledge of Momentum Strike by Vehumet.
  7495 | D:7      | Killed Maggie
  7496 | D:7      | Reached XP level 9. HP: 49/49 MP: 7/25
  7541 | D:7      | Reached skill level 11 in Spellcasting
  7878 | D:7      | Noticed an efreet
  8140 | D:7      | Killed an unseen horror
  8270 | D:7      | Reached skill level 12 in Spellcasting
  8313 | D:7      | Noticed a troll
  8331 | D:7      | Killed a troll
  9050 | D:7      | Offered knowledge of Stone Arrow by Vehumet.
  9054 | D:7      | Reached XP level 10. HP: 13/56 MP: 17/28
  9379 | D:7      | Reached skill level 5 in Fire Magic
  9454 | D:8      | Reached *** piety under Vehumet
  9455 | D:8      | Reached skill level 13 in Spellcasting
  9814 | D:8      | Found a sparkling altar of Nemelex Xobeh.
  9814 | D:8      | Found a hazy altar of Hepliaklqana.
 10090 | D:9      | Found a staircase to the Orcish Mines.
 10221 | D:9      | Noticed a two-headed ogre
 10540 | D:9      | Found a staircase to the Lair.
 10821 | D:9      | Offered knowledge of Ignite Poison by Vehumet.
 11022 | D:9      | Killed a two-headed ogre
 11023 | D:9      | Reached skill level 14 in Spellcasting
 11292 | D:9      | Reached **** piety under Vehumet
 11661 | D:9      | Reached XP level 11. HP: 46/61 MP: 25/31
 11840 | D:10     | Entered Level 10 of the Dungeon
 11856 | D:10     | Noticed a two-headed ogre
 11868 | D:10     | Killed a two-headed ogre
 11936 | D:10     | Offered knowledge of Yara's Violent Unravelling by Vehumet.
 12382 | D:10     | Noticed an orange crystal statue
 13338 | D:11     | Reached skill level 15 in Spellcasting
 13656 | D:11     | Noticed Psyche
 13664 | D:11     | Killed Psyche
 13726 | D:11     | Found Keph's Antique Armour Shoppe.
 13796 | D:11     | Noticed a cyan ugly thing
 13814 | D:11     | Killed a cyan ugly thing
 13815 | D:11     | Reached skill level 5 in Armour
 14486 | D:11     | Noticed Josephine
 14513 | D:11     | Killed from afar by Josephine

Illustrated notes

Levels and vault maps discovered:
D:1:      co_arrival_random_square_maze, layout_rooms
D:2:      layout_basic, nicolae_ecumenical_snake_handling, cheibrodos_gnoll_hut,
          uniq_crazy_yiuf_cottage, uniq_robin
D:3:      kennysheep_goblin_castle, layout_loops_ring, serial_shops,
          nicolae_shop_crystal, nicolae_shop_competitors_out_of_business,
          nicolae_shop_trees, nicolae_shop_statue_plus, serial_bayou_pond_e,
          minmay_hedge_maze
D:4:      layout_loops_cross, minmay_temple_entry_poolview,
          gammafunk_ghost_abyssal_escape, uniq_natasha, uniq_pikel
D:5:      layout_basic, serial_rivers, chequers_serial_rivers_micro_a,
          chequers_serial_rivers_marsh, chequers_serial_rivers_micro_d,
          chequers_serial_rivers_micro_a, chequers_serial_rivers_large_a,
          uniq_edmund
D:6:      layout_basic
D:7:      nzn_winding_woodlands_small [nzn_winding_woodlands_5x15_default,
          nzn_winding_woodlands_center_pierced_h,
          nzn_winding_woodlands_5x15_jagged], layout_rooms,
          serial_park_tiny_pond, uniq_maggie
D:8:      layout_rooms, grunt_temple_overflow_open, roderic_roman_lattice
D:9:      layout_roguey, due_lair_maze_entry_diamond,
          minmay_orc_entry_temple_large
D:10:     layout_roguey, minivault_16
D:11:     layout_grid_maze, serial_shops, kennysheep_mini_moat, uniq_josephine,
          uniq_fannar, uniq_psyche
Temple:   mainiacjoe_temple_cubbyholes

Skill      XL: |  1  2  3  4  5  6  7  8  9 10 11 |
---------------+----------------------------------+-----
Spellcasting   | 5 6 7 8 10 12 14 15 | 15.8
Armour         | 1 2 3 4 5 |  5.0
Fighting       | 1 2 3 4 |  4.4
Conjurations   | 2 3 4 6 7 8 9 |  9.4
Dodging        | 3 |  3.0
Stealth        | 3 |  3.0
Evocations     | 1 |  1.0
Air Magic      | 1 |  1.1
Poison Magic   | 1 |  1.2
Summonings     | 2 3 4 |  4.0
Fire Magic     | 2 4 6 7 |  7.7
Translocations | |  1.1

Action                     |  1- 3 |  4- 6 |  7- 9 | 10-12 || total
---------------------------+-------+-------+-------+-------++-------
  Melee: Dagger            |    17 |    47 |       |       ||    64
         Quarterstaff      |       |     9 |       |       ||     9
         Whip              |       |    25 |    70 |    37 ||   132
         Punch             |       |     1 |     1 |     1 ||     3
   Cast: Magic Dart        |   115 |   112 |    53 |     3 ||   283
         Call Imp          |     1 |     3 |       |     1 ||     5
         Mephitic Cloud    |       |    12 |    21 |    33 ||    66
         Foxfire           |       |       |   242 |   484 ||   726
         Blink             |       |       |     1 |    11 ||    12
  Evoke: Wand              |       |       |       |     3 ||     3
    Use: Scroll            |       |     5 |       |     3 ||     8
   Stab: Confused          |       |     8 |     7 |     3 ||    18
         Sleeping          |       |     1 |       |       ||     1
 Armour: Robe              |     9 |    27 |     9 |       ||    45
         Steam dragon scal |       |       |    34 |    76 ||   110
  Dodge: Dodged            |    18 |    53 |    77 |   170 ||   318

Table legend: (Time is in decaauts)
 A = Elapsed time spent in this place.
 B = Non-inter-level travel time spent in this place.
 C = Inter-level travel time spent in this place.
 D = Time resting spent in this place.
 E = Time spent auto-exploring this place.
 F = Levels seen in this place.
 G = Mean time per level.
                   A        B        C        D        E       F      G
               +--------+--------+--------+--------+--------+-----+--------+
         Total |  14545 |  13802 |    743 |   1649 |   9452 |  12 | 1212.1 |
       Dungeon |  14343 |  13676 |    667 |   1649 |   9335 |  11 | 1303.9 |
        Temple |    202 |    126 |     76 |      0 |    117 |   1 |  202.0 |
               +--------+--------+--------+--------+--------+-----+--------+

Top non-repeatable levels by time:
     D:7: 1638 daAuts
     D:9: 1589 daAuts
     D:2: 1411 daAuts
     D:4: 1322 daAuts
    D:10: 1312 daAuts
     D:1: 1309 daAuts
     D:3: 1299 daAuts
    D:11: 1290 daAuts
     D:6: 1188 daAuts
     D:5: 1035 daAuts
     D:8: 948 daAuts
  Temple: 202 daAuts
